 Dungeon Crawl Stone Soup version 0.25-a0-578-gc91f01c39c (webtiles) character file.

Game seed: 12117121105322236042, levelgen mode: deterministic

60 An17 the Sneak (level 3, -6/25 HPs)
             Began as a Vampire Enchanter on Mar 5, 2020.
             Killed from afar by a white imp (10 damage)
             ... with a puff of frost
             ... summoned by Natasha
             ... on level 2 of the Dungeon.
             The game lasted 00:03:57 (1126 turns).

An17 the Sneak (Vampire Enchanter)                  Turns: 1126, Time: 00:03:58

Health: -6/25      AC:  3    Str:  7    XL:     3   Next: 80%
Magic:  1/6        EV: 12    Int: 17    God:
Gold:   78         SH:  0    Dex: 15    Spells: 1/6 levels left

rFire    . . .     SeeInvis +   a - +1 dagger
rCold    . . .     Gourm    .   (no shield)
rNeg     . . .     Faith    .   c - +0 leather armour
rPois    .         Spirit   .   (no helmet)
rElec    .         Reflect  .   (no cloak)
rCorr    .         Harm     .   (no gloves)
MR       .....                  (no boots)
Stlth    +++.......             (no amulet)
HPRegen  0.28/turn              (no ring)
MPRegen  0.10/turn              (no ring)

@: regenerating quickly, slowed, very slow
A: no food, fangs 3, see invisible, unbreathing
a: Exsanguinate


You were on level 2 of the Dungeon.
You were alive.

You visited 1 branch of the dungeon, and saw 2 of its levels.

You collected 78 gold pieces.

Inventory:

Hand Weapons
 a - a +1 dagger (weapon)
Armour
 c - a +0 leather armour (worn)
Scrolls
 b - a scroll of immolation
 e - 2 scrolls of remove curse
 g - a scroll of identify
Potions
 h - 2 potions of curing


   Skills:
 + Level 0.3 Fighting
 + Level 1.7 Short Blades
 + Level 0.5 Armour
 + Level 2.7 Dodging
 + Level 5.5 Stealth
 + Level 2.1 Spellcasting
 + Level 4.9 Hexes
 + Level 0.1 Ice Magic


You had one spell level left.
You knew the following spells:

 Your Spells              Type           Power        Failure   Level  Hunger
a - Ensorcelled Hibernat  Hex/Ice        ##....       16%         2    N/A
b - Confusing Touch       Hex            ###.....     11%         3    N/A

Your spell library contained the following spells:

 Spells                   Type           Power        Failure   Level  Hunger
 Corona                   Hex            ###....      3%          1    N/A
 Tukima's Dance           Hex            ###.....     11%         3    N/A
 Dazzling Flash           Conj/Hex       ##....       30%         3    N/A

Dungeon Overview and Level Annotations

Branches:
Dungeon (2/15)

Altars:
Xom

Annotations:
D:2 Natasha


Innate Abilities, Weirdness & Mutations

You do not eat.
Your natural rate of healing is unusually fast.
You have razor-sharp teeth.
You have supernaturally acute eyesight. (SInv)
You can survive without breathing.


Message History

Natasha seems to grow stronger.
The hobgoblin closely misses you. Natasha barely misses you.
You closely miss Natasha.
Natasha is lightly wounded.
The bat hits you but does no damage. Natasha closely misses you.
The hobgoblin closely misses you. The bat closely misses you.
Natasha mumbles some strange words.
The hobgoblin misses you.
You hit the white imp but do no damage. The bat barely misses you.
Natasha claws you!
* * * LOW HITPOINT WARNING * * *
The hobgoblin misses you. The white imp closely misses you.
Natasha closely misses you. The bat hits you.
* * * LOW HITPOINT WARNING * * *
The hobgoblin barely misses you. The hobgoblin closely misses you.
The white imp gestures at you. The puff of frost hits you!
You die...

###### ....#####
#.......# ###5....#.##
#.@gh.......
#.###.#)....#.## ####
#...........# ....
#####.#b##### ####
#.#... ##+##
####.##### ##...##
#........######.....##
#.##.##......#.......#
#.##......##..........


You could see Natasha, a white imp, a hobgoblin and a bat.

Vanquished Creatures
  Natasha (D:2)
  An adder (D:2)
  An ooze (D:2)
  6 goblins (D:1)
  2 hobgoblins (D:2)
  7 bats (D:1)
  A frilled lizard (D:2)
  A kobold (D:1)
  4 rats (D:1)
24 creatures vanquished.

Notes
Turn   | Place    | Note
-------+----------+-------------------------------------------
     0 | D:1      | An17 the Vampire Enchanter began the quest for the Orb.
     0 | D:1      | Reached XP level 1. HP: 13/13 MP: 3/3
   232 | D:1      | Reached XP level 2. HP: 16/19 MP: 5/5
   247 | D:1      | Reached skill level 5 in Stealth
   291 | D:1      | Learned a level 2 spell: Ensorcelled Hibernation
   735 | D:2      | Found a shimmering altar of Xom.
   917 | D:2      | Noticed Natasha
   925 | D:2      | Killed Natasha
   925 | D:2      | Reached XP level 3. HP: 24/24 MP: 6/6
   930 | D:2      | Learned a level 3 spell: Confusing Touch
  1113 | D:2      | Noticed Natasha
  1126 | D:2      | Killed from afar by a white imp

Levels and vault maps discovered:
D:1:      wander_arrival_chamber, layout_basic
D:2:      layout_loops_corners, lemuel_coloured_pillars_altar, uniq_natasha

Skill      XL: |  1  2 |
---------------+-------+-----
Stealth        | 5 |  5.5
Fighting       | |  0.3
Short Blades   | |  1.7
Armour         | |  0.5
Dodging        | |  2.7
Spellcasting   | |  2.1
Hexes          | |  4.9
Ice Magic      | |  0.1

Action                   || total
-------------------------++-------
Melee: Dagger            ||    69
       Bite              ||     3
 Cast: Corona            ||     1
       Ensorcelled Hiber ||     6
  Use: Scroll            ||     6
 Stab: Sleeping          ||     8
Armor: Robe              ||     4
       Leather armour    ||    23
Dodge: Dodged            ||    70

Table legend:
 A = Non-vault XP
 B = Vault XP
 C = Vault XP percentage of total XP
 D = Non-vault monster count
 E = Vault monster count
 F = Vault count percentage of total count
                 A         B        C        D         E       F
            +---------+---------+-------+---------+---------+-------
      Total |      50 |      36 |  41.9 |      23 |       1 |   4.2
            +---------+---------+-------+---------+---------+-------
        D:1 |      24 |       0 |   0.0 |      18 |       0 |   0.0
        D:2 |      26 |      36 |  58.1 |       5 |       1 |  16.7
            +---------+---------+-------+---------+---------+-------
